 Dungeon Crawl Stone Soup version 0.23.0 (webtiles) character file.

Game seed: 5584803789129740145

7924 Monsterracer the Grappler (level 11, -10/94 HPs)
             Began as a Purple Draconian Transmuter on Feb 9, 2019.
             Was a High Priest of Okawaru.
             Mangled by an eight-headed hydra (14 damage)
             ... on level 1 of the Lair of Beasts.
             The game lasted 00:24:46 (16028 turns).

Monsterracer the Grappler (DrTm)                   Turns: 16028, Time: 00:24:47

Health: -10/94     AC:  9    Str: 13    XL:     11   Next: 3%
Magic:  17/17      EV: 13    Int: 17    God:    Okawaru [*****.]
Gold:   511        SH:  0    Dex: 11    Spells: 3/18 levels left

rFire    . . .     SeeInvis +     - Unarmed
rCold    . . .     Gourm    .   (no shield)
rNeg     . . .     Faith    .   (armour unavailable)
rPois    .         Spirit   .   (helmet restricted)
rElec    .         Reflect  .   k - +1 cloak {+Inv}
rCorr    .         Harm     .   (no gloves)
MR       +....                  (no boots)
Stlth    +.........             (no amulet)
HPRegen  0.25/turn              S - ring of see invisible
MPRegen  0.15/turn              y - ring of flight

@: studying Shields
A: breathe power, unfitting armour, cold-blooded, AC +7
a: Breathe Dispelling Energy, Heroism, Finesse, Renounce Religion, Evoke
Invisibility, Evoke Flight


You were on level 1 of the Lair of Beasts.
You worshipped Okawaru.
Okawaru was extremely pleased with you.
You were not hungry.

You visited 3 branches of the dungeon, and saw 12 of its levels.

You collected 539 gold pieces.
You spent 28 gold pieces at shops.

Inventory:

Missiles
 a - 194 arrows
Armour
 k - a +1 cloak of invisibility (worn)
 m - a scarf of repulsion
Jewellery
 y - a ring of flight (right hand)
 S - a ring of see invisible (left hand)
Wands
 b - a wand of acid (14)
 h - a wand of enslavement (7)
 s - a wand of iceblast (19)
 x - a wand of clouds (1)
Scrolls
 g - 3 scrolls of fog
 r - 3 scrolls of remove curse
 t - 4 scrolls of teleportation {!r}
Potions
 d - 2 potions of agility
 e - 2 potions of curing
 f - 2 potions of ambrosia {unknown}
 i - a potion of resistance
 j - 2 potions of degeneration {unknown}
 l - 4 potions of mutation {unknown}
 n - a potion of haste
 o - 4 potions of lignification
 q - 2 potions of magic {unknown}
 u - a potion of might {unknown}
 v - a potion of invisibility
 w - a potion of heal wounds
 B - a potion of flight {unknown}
Books
 p - a manual of Shields
Miscellaneous
 A - a fan of gales
Comestibles
 c - 19 rations
 z - a chunk of flesh


   Skills:
 + Level 8.0 Fighting
 - Level 3.6 Dodging
 * Level 10.8 Unarmed Combat
 - Level 4.0 Spellcasting
 * Level 8.2 Transmutations
 + Level 5.6 Invocations
 + Level 4.4 Evocations


You had 3 spell levels left.
You knew the following spells:

 Your Spells              Type           Power        Failure   Level  Hunger
b - Sticks to Snakes      Tmut           ####....     1%          2    ##.....
c - Spider Form           Tmut/Pois      ###.......   9%          3    ###....
d - Blade Hands           Tmut           ####......   16%         5    ######.
f - Ice Form              Ice/Tmut       ###.....     28%         4    ####...
j - Beastly Appendage     Tmut           ####..       1%          1    None

Your spell library contained the following spells:

 Spells                   Type           Power        Failure   Level  Hunger
 Corona                   Hex            #......      16%         1    None
 Sting                    Conj/Pois      #...         16%         1    None
 Ensorcelled Hibernation  Hex/Ice        #.....       24%         2    ##.....
 Poisonous Vapours        Pois/Air       #.....       24%         2    ##.....
 Confuse                  Hex            #.......     43%         3    ###....
 Dazzling Spray           Conj/Hex       #.....       43%         3    ###....
 Mephitic Cloud           Conj/Pois/Air  #.......     43%         3    ###....
 Tukima's Dance           Hex            #.......     43%         3    ###....
 Olgreb's Toxic Radiance  Pois           #.......     83%         4    ####...
 Venom Bolt               Conj/Pois      #.........   99%         5    ######.


Dungeon Overview and Level Annotations

Branches:
Dungeon (10/15)            Temple (1/1) D:6            Lair (1/6) D:9
    Orc: D:9-12

Altars:
Ashenzari
Cheibriados
Dithmenos
Elyvilon
Fedhas
Gozag
Hepliaklqana
Kikubaaqudgha
Makhleb
Nemelex Xobeh
Okawaru
Qazlal
Ru
Sif Muna
Trog
Uskayaw
Vehumet
Wu Jian
Xom
Yredelemnul
Zin
The Shining One

Shops:
D:8 *

Portals:
Ice
Cave: Lair:1

Annotations:
D:4 2 transporters


Innate Abilities, Weirdness & Mutations

You can breathe bolts of dispelling energy.
Your rich purple scales are hard. (AC +7)
You cannot fit into any form of body armour.
You are cold-blooded and may be slowed by cold attacks.


Message History

You feel sick.
You take 1 damage, and have 76/94 hp.
You feel sick.
You feel sick.
There is a stone staircase leading down here.
You take 1 damage, and have 75/94 hp.
You feel sick. The porcupine barely misses you.
You take 1 damage, and have 74/94 hp.
You are struck by the porcupine's spines.
You slice the porcupine!!
You kill the porcupine!
Okawaru accepts your kill.
You feel sick.
You take 11 damage, and have 63/94 hp.
You see here a porcupine corpse.
You butcher the porcupine corpse.
You feel sick.
z - 5 chunks of flesh (gained 1)
You see here a porcupine skeleton.
You take 1 damage, and have 63/94 hp.
You start resting.
Eating one of 5 chunks of flesh.
You eat one of the 5 chunks of flesh.
This raw flesh tastes terrible.
You feel sick. x2
Your transformation is almost over.
You take 1 damage, and have 62/94 hp.
You start resting.
You hear the quick crackling of a melting archway nearby.
You feel like a meek peon again.
You feel sick.
You start resting.
You feel sick.
Your hands revert to their normal proportions.
Unknown command.
You start resting.
You feel sick. x3
You are no longer poisoned.
You take 1 damage, and have 61/94 hp.
Some of the chunks of flesh in your inventory have rotted away.
Magic restored.
You hear the loud crackling of a melting archway nearby.
You hear the loud crackling of a melting archway nearby.
You hear the loud crackling of a melting archway nearby.
HP restored.
Found a frozen archway.
Health restored: 94; MP restored: 17 Unknown command.
An eight-headed hydra comes into view.
The eight-headed hydra roars!
Found a plate armour.
You hear the loud crackling of a melting archway.
Casting: Blade Hands (quite dangerous; 16% risk of failure)
Confirm with . or Enter, or press ? or * to list all spells.
Okay, then.
Evoke which item? (* to show all) (? for menu, Esc to quit)
Okay, then.
Evoke which item? (* to show all) (? for menu, Esc to quit)
Aiming: Cloud Cone
Press: ? - help, Dir - move target cursor, f - eight-headed hydra
Aim: an eight-headed hydra You create a blast of poison gas!
The crackling of melting ice is subsiding rapidly.
Evoke which item? (* to show all) (? for menu, Esc to quit)
Aiming: Cloud Cone
Press: ? - help, Dir - move target cursor, f/p - eight-headed hydra
Aim: an eight-headed hydra You create a blast of noxious fumes!
A spiny frog comes into view.
The eight-headed hydra bites you!
The eight-headed hydra bites you but does no damage.
The eight-headed hydra barely misses you.
The eight-headed hydra misses you. The eight-headed hydra bites you!
The eight-headed hydra bites you.
The eight-headed hydra barely misses you.
The eight-headed hydra bites you.
You take 28 damage, and have 66/94 hp.
MASSIVE DAMAGE!!
Evoke which item? (* to show all) (? for menu, Esc to quit)
Aiming: Cloud Cone
Press: ? - help, Dir - move target cursor, f/p - eight-headed hydra
Aim: an eight-headed hydra You create a blast of noxious fumes!
The eight-headed hydra closely misses you.
The eight-headed hydra bites you! The eight-headed hydra bites you.
The eight-headed hydra bites you but does no damage.
The eight-headed hydra closely misses you.
The eight-headed hydra bites you!
* * * LOW HITPOINT WARNING * * *
The eight-headed hydra bites you!
* * * LOW HITPOINT WARNING * * *
The eight-headed hydra bites you.
* * * LOW HITPOINT WARNING * * *
You take 41 damage, and have 25/94 hp.
MASSIVE DAMAGE!!
The eight-headed hydra bites you but does no damage.
The eight-headed hydra barely misses you.
The eight-headed hydra completely misses you.
The eight-headed hydra bites you.
* * * LOW HITPOINT WARNING * * *
The eight-headed hydra bites you.
* * * LOW HITPOINT WARNING * * *
The eight-headed hydra bites you!
* * * LOW HITPOINT WARNING * * *
The eight-headed hydra bites you!
You die...

...........#F[. .......
#..........##§§#§§.#...
#.##.. ......§§§§§.....
#.##.###...##§§§§#.....
##..#..##...##.§§§......
.#.#†.###...###§§§......
................§.......
####..#.#>......D.......
........#...P##.@##.....
........#...###.........
.......:...÷###..#......
........P...............
........#..##...........
#....##.#...##...#......
...# #..........####.##
... ...........# ##
..............#


You could see an eight-headed hydra.

Vanquished Creatures
  Erica (D:10)
  A black mamba (Lair:1)
  A komodo dragon (Lair:1)
  A hornet (D:9)
  3 hippogriffs
  4 yaks (Lair:1)
  Grum (D:9)
  A hungry ghost (D:8)
  Edmund (D:4)
  3 water moccasins
  A porcupine (Lair:1)
  2 orc warriors
  An ice beast (D:7)
  A phantom (D:6)
  A sky beast (D:9)
  4 ogres
  A centaur (D:8)
  4 wolves (D:9)
  3 crocodiles
  4 bullfrogs
  4 big kobolds
  A wyvern skeleton (D:6)
  16 killer bees
  8 wights
  4 howler monkeys
  An electric eel (Lair:1)
  5 crimson imps
  A bullfrog zombie (D:9)
  2 quasits
  A centaur skeleton (D:2)
  2 jellies (D:8)
  6 orc priests
  Crazy Yiuf (D:2)
  A gnoll shaman (D:8)
  5 hounds
  6 orc wizards
  4 iguanas
  5 worker ants
  A hound zombie (D:7)
  Robin (D:2)
  6 adders
  3 shadow imps
  An adder skeleton (D:6)
  4 adder zombies
  4 dart slugs
  6 leopard geckos
  39 orcs
  6 giant cockroaches
  12 goblins
  15 hobgoblins
  5 jackals
  6 quokkas
  A ball python (D:3)
  5 bats
  5 frilled lizards
  24 kobolds
  A leopard gecko skeleton (D:4)
  3 quokka skeletons
  A quokka zombie (D:3)
  10 rats
  A plant (D:2)
272 creatures vanquished.

Vanquished Creatures (others)
  A killer bee (D:7)
1 creature vanquished.

Grand Total: 273 creatures vanquished

Notes
Turn   | Place    | Note
-------+----------+-------------------------------------------
     0 | D:1      | Monsterracer the Draconian Transmuter began the quest for
                  | the Orb.
     0 | D:1      | Reached XP level 1. HP: 16/16 MP: 3/3
   295 | D:1      | Reached XP level 2. HP: 21/23 MP: 3/5
   301 | D:1      | Learned a level 2 spell: Sticks to Snakes
   605 | D:1      | Reached XP level 3. HP: 27/29 MP: 6/6
   613 | D:1      | Learned a level 3 spell: Spider Form
   752 | D:2      | Found a runed translucent door.
   753 | D:2      | Noticed Crazy Yiuf
   811 | D:2      | Noticed Robin
   820 | D:2      | Reached skill level 4 in Unarmed Combat
   849 | D:2      | Killed Robin
  1272 | D:2      | Reached XP level 4. HP: 37/37 MP: 5/7
  1634 | D:2      | HP: 18/37 [centaur skeleton (2)]
  1643 | D:2      | HP: 18/37 [bat (1)]
  1973 | D:2      | Killed Crazy Yiuf
  2388 | D:3      | Reached XP level 5. HP: 44/44 MP: 6/8
  2528 | D:3      | Reached skill level 5 in Unarmed Combat
  3021 | D:3      | HP: 21/45 [orc priest/divine providence (16)]
  3025 | D:3      | Reached XP level 6. HP: 35/51 MP: 6/9
  3242 | D:4      | Found a transporter.
  3242 | D:4      | Noticed Edmund
  3400 | D:4      | Killed Edmund
  3492 | D:4      | Found a transporter.
  3668 | D:4      | Reached skill level 6 in Unarmed Combat
  3707 | D:4      | HP: 26/52 [orc/+0 war axe (3)]
  3708 | D:4      | Your scales start taking on a rich purple colour.
  3708 | D:4      | Reached XP level 7. HP: 30/59 MP: 8/10
  4050 | D:4      | Got a shimmering short sword
  4738 | D:5      | Entered Level 5 of the Dungeon
  5665 | D:6      | Reached skill level 7 in Unarmed Combat
  6058 | D:6      | Reached skill level 5 in Fighting
  6058 | D:6      | Reached XP level 8. HP: 66/68 MP: 9/11
  6237 | D:6      | Identified the +5 short sword of Ankoosk {venom, *Slow
                  | Dex+4} (You found it on level 4 of the Dungeon)
  6303 | D:6      | Found a staircase to the Ecumenical Temple.
  6433 | D:6      | Reached skill level 5 in Transmutations
  6460 | Temple   | Entered the Ecumenical Temple
  6638 | Temple   | Became a worshipper of Warmaster Okawaru
  7014 | D:6      | Noticed a hippogriff
  7027 | D:6      | HP: 29/69 [hippogriff (11)]
  7038 | D:6      | Killed a hippogriff
  7038 | D:6      | Reached skill level 8 in Unarmed Combat
  7038 | D:6      | Reached skill level 1 in Invocations
  8133 | D:7      | HP: 32/70 [wight/cursed +5 spear (4)]
  8148 | D:7      | HP: 28/70 [wight/+0 dagger (6)]
  8182 | D:6      | HP: 31/70 [wight/+0 dagger (4)]
  8187 | D:6      | HP: 25/70 [wight/+3 falchion (7)]
  8407 | D:6      | Reached * piety under Okawaru
  8485 | D:7      | HP: 35/70 [wight/+2 halberd of freezing (5)]
  8758 | D:7      | Noticed a hippogriff
  8955 | D:7      | HP: 32/70 [iguana (8)]
  8964 | D:7      | HP: 25/70 [leopard gecko (1)]
  9062 | D:7      | Reached XP level 9. HP: 42/75 MP: 9/12
  9070 | D:7      | Learned a level 5 spell: Blade Hands
  9701 | D:7      | HP: 33/75 [killer bee (5)]
  9706 | D:7      | HP: 27/75 [poisoned by a killer bee]
  9711 | D:7      | HP: 23/75 [poisoned by a killer bee]
  9716 | D:7      | HP: 21/75 [poisoned by a killer bee]
  9722 | D:7      | HP: 20/75 [poisoned by a killer bee]
  9727 | D:7      | HP: 19/75 [poisoned by a killer bee]
  9735 | D:7      | HP: 18/75 [poisoned by a killer bee]
 10143 | D:7      | Reached skill level 9 in Unarmed Combat
 10387 | D:8      | Found Saezou's General Store.
 10455 | D:8      | Bought a scroll of identify for 28 gold pieces
 10723 | D:8      | Reached skill level 1 in Evocations
 11553 | D:8      | Reached ** piety under Okawaru
 11672 | D:8      | Got a translucent rapier
 12013 | D:9      | Found a deep blue altar of Sif Muna.
 12262 | D:9      | HP: 31/78 [hornet (9)]
 12265 | D:9      | HP: 4/78 [hornet (14)]
 12270 | D:9      | Reached XP level 10. HP: 30/86 MP: 13/15
 12609 | D:9      | Found a staircase to the Lair.
 12968 | D:9      | Noticed Grum
 12999 | D:9      | Reached *** piety under Okawaru
 13005 | D:9      | HP: 39/86 [wight/+4 war axe (14)]
 13041 | D:9      | HP: 40/86 [wolf[Grum] (7)]
 13047 | D:9      | Killed Grum
 13047 | D:9      | Reached skill level 10 in Unarmed Combat
 13047 | D:9      | HP: 38/86 [wolf[Grum] (3)]
 13652 | D:10     | Entered Level 10 of the Dungeon
 14489 | D:10     | Noticed Erica
 14501 | D:10     | Killed Erica
 14501 | D:10     | Reached **** piety under Okawaru
 14501 | D:10     | Reached skill level 5 in Invocations
 14617 | D:10     | Learned a level 4 spell: Ice Form
 14670 | D:10     | HP: 44/88 [poisoned by a killer bee]
 14675 | D:10     | HP: 21/88 [poisoned by a killer bee]
 14680 | D:10     | HP: 14/88 [poisoned by a killer bee]
 14685 | D:10     | HP: 10/88 [poisoned by a killer bee]
 14690 | D:10     | HP: 6/88 [poisoned by a killer bee]
 14695 | D:10     | HP: 4/88 [poisoned by a killer bee]
 14702 | D:10     | HP: 3/88 [poisoned by a killer bee]
 14709 | D:10     | HP: 2/88 [poisoned by a killer bee]
 14717 | D:10     | HP: 2/88 [poisoned by a killer bee]
 15317 | Lair:1   | Entered Level 1 of the Lair of Beasts
 15844 | Lair:1   | Noticed a black mamba
 15849 | Lair:1   | Killed a black mamba
 15849 | Lair:1   | Reached ***** piety under Okawaru
 15849 | Lair:1   | Reached XP level 11. HP: 80/94 MP: 9/17
 16019 | Lair:1   | Found a frozen archway.
 16020 | Lair:1   | Noticed an eight-headed hydra
 16027 | Lair:1   | HP: 40/94 [eight-headed hydra (14)]
 16028 | Lair:1   | HP: 15/94 [eight-headed hydra (6)]
 16028 | Lair:1   | HP: 4/94 [eight-headed hydra (11)]
 16028 | Lair:1   | Mangled by an eight-headed hydra

Skill      XL: |  1  2  3  4  5  6  7  8  9 10 |
---------------+-------------------------------+-----
Fighting       | 2 3 4 5 6 7 8 |  8.0
Unarmed Combat | 4 5 6 7 8 9 10 | 10.8
Transmutations | 3 4 5 6 8 |  8.2
Dodging        | 3 |  3.6
Invocations    | 2 4 5 |  5.6
Evocations     | 2 4 |  4.4
Spellcasting   | 3 4 |  4.0

Action                   |  1- 3 |  4- 6 |  7- 9 | 10-12 || total
-------------------------+-------+-------+-------+-------++-------
Melee: Unarmed           |   148 |   197 |   480 |   229 ||  1054
       Tailslap          |     9 |    18 |    49 |    22 ||    98
       Headbutt          |     5 |     3 |    10 |       ||    18
       Kick              |     7 |     8 |    23 |     4 ||    42
       Punch             |     2 |     3 |    13 |     5 ||    23
 Cast: Beastly Appendage |    16 |     7 |    16 |     2 ||    41
       Spider Form       |     1 |     5 |     7 |       ||    13
       Sticks to Snakes  |       |       |     9 |       ||     9
       Blade Hands       |       |       |       |    11 ||    11
Invok: Heroism           |       |       |     4 |     4 ||     8
 Abil: Breathe Dispellin |       |       |    12 |     2 ||    14
       Evoke Invisibilit |       |       |     1 |       ||     1
Evoke: Wand              |       |       |     3 |     3 ||     6
  Use: Potion            |       |     1 |     5 |       ||     6
       Scroll            |       |     6 |     7 |     1 ||    14
 Stab: Distracted        |       |       |     1 |       ||     1
       Invisible         |       |       |     2 |       ||     2
  Eat: Chunk             |     2 |     4 |    24 |    17 ||    47
       Ration            |       |     1 |     3 |       ||     4
Armor: Skin              |    40 |    34 |   146 |    64 ||   284
Dodge: Dodged            |    75 |    88 |   303 |   148 ||   614

Levels and vault maps discovered:
D:1:      psy_arrival_dodecagon, layout_rooms
D:2:      layout_basic, serial_forest, infiniplex_forest_clump_long,
          infiniplex_forest_3_way, infiniplex_forest_lined_3_way,
          infiniplex_forest_lined_room_, infiniplex_forest_lined_corner,
          infiniplex_forest_split, infiniplex_forest_join,
          infiniplex_forest_fountain, infiniplex_forest_lined_room_2,
          uniq_crazy_yiuf_cottage, uniq_robin
D:3:      layout_basic, hangedman_abyss_or_decor_stabs
D:4:      gammafunk_wand_slinger, layout_basic, uniq_edmund
D:5:      layout_cave_pods, first_ration
D:6:      layout_cave_pods, minmay_temple_entry_large_hall,
          minmay_misc_feat_encased, grunt_ministairs_5, minmay_manual_maat
D:7:      layout_loops_ring
D:8:      minmay_octagon_keep, layout_basic, serial_shops, shop
D:9:      layout_long_grid, kennysheep_little_box, dpeg_oklobed_lair, uniq_grum
D:10:     layout_rooms, uniq_erica
Temple:   minmay_crystal_snake_temple
Lair:1:   layout_gridlike, portal_ice_cave_entry_pillars_1, serial_bayou_lake_a,
          lemuel_fruit_tree, infiniplex_staircase_pool_2
